 Dungeon Crawl Stone Soup version 0.28.0-53-g5a82cb258f (webtiles) character file.

Game seed: 14542235042642551005

2678 LynnLen the Covert (level 9, 0/57 HPs)
             Began as a Vampire Enchanter on Aug 1, 2022.
             Was a Follower of Yredelemnul.
             Killed by nerve-wracking pain
             ... invoked by a shadow imp
              (9 damage)
             ... on level 6 of the Dungeon.
             The game lasted 00:25:29 (7440 turns).

LynnLen the Covert (Vampire Enchanter)              Turns: 7440, Time: 00:25:31

Health: 0/57       AC:  5    Str:  7    XL:     9   Next: 37%
Magic:  12/12      EV: 16    Int: 19    God:    Yredelemnul [*.....]
Gold:   205        SH:  0    Dex: 17    Spells: 3/12 levels left

rFire   . . .      SeeInvis +   h - +2 dagger (venom)
rCold   . . .      Faith    .   (no shield)
rNeg    . . .      Spirit   .   o - +0 steam dragon scales
rPois   .          Reflect  .   (no helmet)
rElec   .          Harm     .   (no cloak)
rCorr   .          Rampage  .   (no gloves)
Will    .....                   (no boots)
Stlth   +++++.....              l - amulet of the acrobat
HPRegen 0.39/turn               (no ring)
MPRegen 0.13/turn               (no ring)

@: healing quickly
A: alive, fangs 3, see invisible, vampiric 2
a: Exsanguinate, Renounce Religion, Recall Undead Harvest


You were on level 6 of the Dungeon.
You worshipped Yredelemnul.
Yredelemnul was noncommittal.
You visited 2 branches of the dungeon, and saw 7 of its levels.

You collected 205 gold pieces.

Inventory:

Hand Weapons
 a - a +2 dagger
 d - a +2 whip of electrocution
 g - a +4 short sword
 h - a +2 dagger of venom (weapon)
 m - a +0 hunting sling
Missiles
 f - 6 poisoned darts
 j - 67 stones (quivered)
Armour
 e - a +0 leather armour
 o - +0 steam dragon scales (worn)
Jewellery
 l - an amulet of the acrobat (around neck)
Wands
 k - a wand of flame (32)
 q - a wand of polymorph (8)
Scrolls
 i - 3 scrolls of identify
 n - a scroll of vulnerability
 p - a scroll of blinking
Potions
 b - 2 potions of flight
 c - a potion of mutation
 r - a potion of haste {unknown}


   Skills:
 * Level 9.4 Short Blades
 * Level 7.3 Dodging
 + Level 11.8 Stealth
 - Level 2.0 Spellcasting
 - Level 4.4 Hexes


You had 3 spell levels left.
You knew the following spells:

 Your Spells              Type           Power      Damage    Failure   Level
a - Confusing Touch       Hex            18%        N/A       9%          3
b - Tukima's Dance        Hex            18%        N/A       9%          3
c - Summon Guardian Gole  Hex/Summ       10%        N/A       21%         3

Your spell library contained the following spells:

 Spells                   Type           Power      Damage    Failure   Level
 Ensorcelled Hibernation  Hex/Ice        20%        N/A       11%         2
 Freeze                   Ice            4%         1d3       17%         1
 Summon Small Mammal      Summ           4%         N/A       17%         1
 Dazzling Flash           Conj/Hex       20%        N/A       21%         3
 Call Canine Familiar     Summ           1%         N/A       45%         3
 Frozen Ramparts          Ice            2%         1d2       45%         3
 Stone Arrow              Conj/Erth      2%         3d7       45%         3
 Animate Armour           Summ/Erth      2%         N/A       86%         4
 Hailstorm                Conj/Ice       1%         3d3       86%         4
 Yara's Violent Unravell  Hex/Tmut       5%         3d4       88%         5
 Blade Hands              Tmut           0%         N/A       99%         5
 Iron Shot                Conj/Erth      0%         9d1       100%        6
 Enfeeble                 Hex            9%         N/A       100%        7
 Lehudib's Crystal Spear  Conj/Erth      0%         10d2      100%        8


Dungeon Overview and Level Annotations

Branches:
Dungeon (6/15)             Temple (1/1) D:6

Altars:
Ashenzari
Cheibriados
Dithmenos
Elyvilon
Fedhas
Gozag
Kikubaaqudgha
Makhleb
Nemelex Xobeh
Okawaru
Qazlal
Ru
Sif Muna
Trog
Uskayaw
Vehumet
Wu Jian
Xom
Yredelemnul
Zin
The Shining One

Shops:
D:1 [


Innate Abilities, Weirdness & Mutations

Your natural rate of healing is accelerated.
You have razor-sharp teeth.
You have supernaturally acute eyesight. (SInv)
You are afflicted with vampirism and can become a bat while bloodless.


Message History

The orc priest misses you.
Your orc priest zombie misses the orc priest.
You hit the orc priest.
You bite the orc priest, but do no damage.
The orc priest is almost dead.
You kill the orc priest!
A black mist starts to gather...
Your life force feels restored.
A shadow imp comes into view.
The orc priest completely misses you.
Your orc priest zombie hits the orc priest but does no damage.
You see here a +1 short sword of draining.
The shadow imp shouts, "Turn tail, thou vain deathlike jarkman!"
You hit the orc priest.
The orc priest is poisoned.
You bite the orc priest, but do no damage.
The orc priest is moderately wounded.
The shadow imp gestures at you. Pain shoots through your body!
The orc priest hits you with a +0 flail.
Your orc priest zombie closely misses the shadow imp.
You hit the orc priest but do no damage.
The orc priest is moderately wounded.
The howler monkey skeleton barely misses your orc priest zombie.
Your orc priest zombie hits the orc priest but does no damage.
You completely miss the orc priest.
The orc priest is heavily wounded.
The shadow imp hits you.
The orc priest mumbles some strange prayers to Beogh against you.
Pain shoots through your body!
* * * LOW HITPOINT WARNING * * *
Your necrophage zombie hits the howler monkey skeleton.
Your orc priest zombie closely misses the shadow imp.
Unknown command.
You hit the orc priest.
The orc priest is heavily wounded.
The howler monkey skeleton hits your orc priest zombie.
The shadow imp gestures at you. Pain shoots through your body!
You die...
Yredelemnul claims you as an undead slave.

#........# #...#
#.......## #...#
#.......# ###...#
#.......# #.....#
######### #Z##..#
#.##..# #Z##..#
#.##.Z########.##
#....5@oZZ......#
#.##.###Z#####.##
#.##.# #.# #.##.#
#o# #.##.# #.#
#.##.# #.# #.##.#
#.# ## #.# #..
#.# #..


You could see an orc priest (very poisoned, ally target), a shadow imp, a howler
monkey skeleton, 2 friendly orc priest zombies and a friendly necrophage zombie.

Vanquished Creatures
  Pikel (D:4)
  A manticore (D:6)
  Maggie (D:6)
  Menkaure (D:5)
  2 sky beasts
  3 ogres
  A necrophage (D:6)
  A phantom (D:6)
  2 bullfrogs (D:6)
  2 scorpions
  A water moccasin skeleton (D:4)
  A hound (D:5)
  2 centaur skeletons (D:6)
  A jelly (D:5)
  3 orc priests
  An iguana (D:5)
  Ijyb (D:5)
  Terence (D:3)
  An orc wizard (D:6)
  3 adders
  9 gnolls
  2 ufetubi (D:4)
  An adder skeleton (D:4)
  A worm (D:2)
  A dart slug (D:3)
  16 orcs
  4 endoplasms
  4 giant cockroaches
  10 goblins
  5 hobgoblins
  3 quokkas
  8 ball pythons
  6 bats
  6 frilled lizards
  10 kobolds
  5 rats
121 creatures vanquished.

Vanquished Creatures (collateral kills)
  A gnoll (D:5)
1 creature vanquished.

Grand Total: 122 creatures vanquished

Notes
Turn   | Place    | Note
-------+----------+-------------------------------------------
     0 | D:1      | LynnLen the Vampire Enchanter began the quest for the Orb.
     0 | D:1      | Reached XP level 1. HP: 13/13 MP: 3/3
   277 | D:1      | Found Meghoth's Armour Shop.
   534 | D:1      | Reached XP level 2. HP: 19/19 MP: 5/5
   546 | D:1      | Found a faded altar of an unknown god.
   687 | D:1      | Reached skill level 5 in Stealth
  1104 | D:2      | Gained mutation: You are afflicted with vampirism and can
                  | become a bat while bloodless. [Vampire growth]
  1104 | D:2      | Reached XP level 3. HP: 11/24 MP: 6/6
  1229 | D:2      | Reached XP level 4. HP: 18/30 MP: 7/7
  1271 | D:2      | Learned a level 3 spell: Confusing Touch
  1275 | D:2      | Learned a level 3 spell: Tukima's Dance
  1924 | D:3      | Reached skill level 6 in Stealth
  2431 | D:3      | Noticed Terence
  2442 | D:3      | Killed Terence
  2443 | D:3      | Reached XP level 5. HP: 15/35 MP: 8/8
  3769 | D:4      | Noticed an ogre
  3836 | D:4      | Reached XP level 6. HP: 31/41 MP: 9/9
  4097 | D:4      | Reached skill level 5 in Short Blades
  4097 | D:4      | Reached skill level 7 in Stealth
  4941 | D:5      | Entered Level 5 of the Dungeon
  5200 | D:5      | Noticed a sky beast
  5360 | D:5      | Killed a sky beast
  5361 | D:5      | Reached XP level 7. HP: 30/46 MP: 7/10
  5414 | D:5      | Learned a level 3 spell: Summon Guardian Golem
  5428 | D:5      | Noticed Ijyb
  5430 | D:5      | Reached skill level 8 in Stealth
  5441 | D:5      | Killed Ijyb
  5675 | D:5      | Reached skill level 5 in Dodging
  5895 | D:5      | Noticed Pikel
  5954 | D:4      | Killed Pikel
  5955 | D:4      | Reached skill level 9 in Stealth
  5955 | D:4      | Reached XP level 8. HP: 10/52 MP: 11/11
  6139 | D:5      | Noticed Menkaure
  6155 | D:5      | Killed Menkaure
  6531 | D:6      | Reached skill level 10 in Stealth
  6618 | D:6      | Found a staircase to the Ecumenical Temple.
  6669 | D:6      | Noticed a manticore
  6775 | Temple   | Entered the Ecumenical Temple
  6967 | Temple   | Became a worshipper of Yredelemnul the Dark
  7057 | D:6      | Killed a manticore
  7058 | D:6      | Reached skill level 11 in Stealth
  7058 | D:6      | Reached XP level 9. HP: 24/57 MP: 8/12
  7246 | D:6      | Noticed Maggie
  7249 | D:6      | Killed Maggie
  7349 | D:6      | Reached * piety under Yredelemnul
  7387 | D:6      | Identified the +11 hand crossbow of Defenestration {penet,
                  | Str+6 Int+4}
  7440 | D:6      | Killed from afar by a shadow imp

Illustrated notes

Levels and vault maps discovered:
D:1:      dpeg_arrival_boxorama, layout_rooms, serial_shops, shop,
          shapermc_ecumenical_altar_starsandcircs,
          chequers_serial_rivers_micro_e, minmay_tromino_i2
D:2:      layout_basic, minmay_circle_x
D:3:      kennysheep_the_goblin_king, layout_loops_ring, grunt_ministairs_7,
          uniq_terence
D:4:      layout_loops_ring, nicolae_concentric_dashed_squares_mild
D:5:      layout_cave_pods, uniq_pikel, uniq_ijyb, uniq_menkaure
D:6:      layout_basic, nicolae_hepliaklqana_hazy_memory,
          minmay_temple_entry_slanted, uniq_maggie, uniq_grinder
Temple:   nicolae_temple_the_god_donut

Skill      XL: |  1  2  3  4  5  6  7  8 |
---------------+-------------------------+-----
Stealth        | 5 6 7 9 11 | 11.8
Short Blades   | 2 3 4 5 7 9 |  9.4
Dodging        | 3 4 6 7 |  7.3
Spellcasting   | |  2.0
Hexes          | |  4.4

Action                   |  1- 3 |  4- 6 |  7- 9 || total
-------------------------+-------+-------+-------++-------
Melee: Dagger            |    76 |   209 |   121 ||   406
       Bite              |     7 |    28 |    18 ||    53
       Punch             |       |     5 |     2 ||     7
Throw: Dart              |       |     1 |       ||     1
       Stone             |       |     1 |       ||     1
 Cast: Confusing Touch   |       |     7 |     8 ||    15
       Tukima's Dance    |       |       |     1 ||     1
  Use: Scroll            |     3 |     9 |     2 ||    14
       Potion            |     2 |     2 |     3 ||     7
 Stab: Sleeping          |     4 |    11 |     8 ||    23
       Invisible         |     1 |       |       ||     1
       Confused          |       |     5 |     5 ||    10
Armor: Robe              |    15 |       |       ||    15
       Leather armour    |    12 |    17 |     8 ||    37
Dodge: Dodged            |    50 |   103 |    70 ||   223
